 Dungeon Crawl Stone Soup version 0.20.1-1-g8b1a95d (webtiles) character file.

582 Fisto the Covered (level 7, -9/54 HPs)
             Began as a Human Berserker on Nov 15, 2017.
             Was a Priest of Trog.
             Splashed by Pikel's acid (10 damage)
             ... on level 6 of the Dungeon.
             The game lasted 00:25:14 (6903 turns).

Fisto the Covered (Human Berserker)                 Turns: 6903, Time: 00:25:15

Health: -9/54      AC:  9    Str: 24    XL:     7   Next: 63%
Magic:  7/7        EV:  9    Int:  8    God:    Trog [***...]
Gold:   31         SH:  0    Dex: 12    Spells: 6/6 levels left

rFire    . . .     SeeInvis .   a - +0 mace
rCold    . . .     Gourm    .   (no shield)
rNeg     . . .     Faith    .   I - +0 chain mail
rPois    .         Spirit   .   (no helmet)
rElec    .         Reflect  .   m - -1 cloak
rCorr    .         Harm     .   (no gloves)
MR       +....                  (no boots)
Stlth    ..........             h - amulet of inaccuracy (curse)
Regen    0.2/turn               w - ring of protection from magic
MPRegen  0.1/turn               (no ring)

@: mighty
A: no striking features
a: Berserk, Trog's Hand, Burn Spellbooks, Renounce Religion


You were on level 6 of the Dungeon.
You worshipped Trog.
Trog was most pleased with you.
You were not hungry.

You visited 1 branch of the dungeon, and saw 6 of its levels.

You collected 245 gold pieces.
You spent 214 gold pieces at shops.

Inventory:

Hand Weapons
 a - a +0 mace (weapon)
 k - a +0 trident
 x - a +0 hand axe of venom
Missiles
 l - 3 curare-tipped needles
 n - 31 poisoned needles
 t - 54 arrows
 v - 40 bolts
 A - 4 javelins (quivered)
Armour
 m - a -1 cloak (worn)
 I - a +0 chain mail (worn)
Jewellery
 h - a cursed amulet of inaccuracy (around neck)
 w - a ring of protection from magic (left hand)
 y - an uncursed amulet of rage
Wands
 F - a wand of flame (23/48)
Scrolls
 e - 2 scrolls of identify
 g - 3 scrolls of teleportation
 i - a scroll of magic mapping
 u - a scroll of blinking {unknown}
 D - 2 scrolls of remove curse
 E - 2 scrolls of enchant armour {unknown}
Potions
 d - 2 potions of cancellation
 j - a potion of ambrosia
 o - a potion of mutation
 q - 2 potions of resistance
 B - a potion of lignification
 H - a potion of flight {unknown}
Comestibles
 c - 5 bread rations
 f - 4 meat rations
 p - a fruit
 C - 2 royal jellies


   Skills:
 + Level 4.2 Fighting
 + Level 4.2 Maces & Flails
 + Level 3.5 Polearms
 + Level 0.8 Throwing
 + Level 4.3 Armour
 + Level 3.3 Dodging
 + Level 0.7 Stealth


You had 6 spell levels left.
You didn't know any spells.

Dungeon Overview and Level Annotations

Branches:
Dungeon (6/15)             Temple (0/1) D:6

Altars:
Makhleb
Uskayaw
Zin

Shops:
D:4 !   D:5 %

Annotations:
D:6 Pikel


Message History

* * * LOW HITPOINT WARNING * * *
You feel much better.
The water moccasin bites you but does no damage.
The ice beast hits you but does no damage.
Your surroundings suddenly seem different.
Pikel the Slaver comes into view.
He is wielding a whip of freezing.
Pikel shouts!
A slave comes into view.
The slave shouts!
A slave comes into view.
The slave shouts!
Found a scroll labeled CIOMUT WEAB and 13 stones.
Found a glowing silver altar of Zin.
Found a stone staircase leading up and a staircase to the Ecumenical Temple. 2 slaves come into view.
The slave shouts!
The slave hits you.
Pikel zaps a wand.
The bolt of acid hits you!
* * * LOW HITPOINT WARNING * * *
You are splashed with acid!
The acid burns!
You die...

#........#
#.....p..#
##..?.....
#......p.K
#........#
.......p.###
#......p..8#
#.......@.>#
.........#8#
#.....<..# #
#........#
#.........
#...._..... .
. ##......#...
.#S
#.......#...(
...
..###..##.....


You could see Pikel and 4 slaves.

Vanquished Creatures
  A water moccasin zombie (D:5)
  2 howler monkeys
  2 hounds
  A gnoll shaman (D:5)
  2 orc wizards (D:4)
  3 worker ants
  A hound zombie (D:4)
  A worker ant zombie (D:5)
  A howler monkey skeleton (D:5)
  5 adders
  5 gnolls (D:5)
  An ooze (D:3)
  An adder skeleton (D:3)
  3 worms
  4 dart slugs
  4 leopard geckos
  5 orcs
  12 bats
  3 giant cockroaches
  10 goblins
  6 hobgoblins
  4 jackals
  5 kobolds
  3 quokkas
  A ball python (D:5)
  3 frilled lizards
  A giant cockroach zombie (D:5)
  5 rats
95 creatures vanquished.

Notes
Turn   | Place    | Note
-------+----------+-------------------------------------------
     0 | D:1      | Fisto the Human Berserker began the quest for the Orb.
     0 | D:1      | Reached XP level 1. HP: 18/18 MP: 1/1
   184 | D:1      | Reached XP level 2. HP: 20/24 MP: 2/2
   710 | D:1      | Reached XP level 3. HP: 27/29 MP: 3/3
  1382 | D:2      | Reached ** piety under Trog
  2359 | D:3      | Reached XP level 4. HP: 30/35 MP: 4/4
  3497 | D:3      | Reached XP level 5. HP: 28/41 MP: 5/5
  4047 | D:4      | Noticed a dagger
  4047 | D:4      | Noticed a dagger
  4271 | D:3      | Reached skill level 1 in Polearms
  4708 | D:4      | Reached XP level 6. HP: 30/48 MP: 6/6
  5209 | D:4      | Found Otamel's Distillery.
  5232 | D:4      | Bought a potion of heal wounds for 70 gold pieces
  5232 | D:4      | Bought a potion of curing for 42 gold pieces
  5449 | D:4      | Found a hide-covered altar of Uskayaw.
  5501 | D:4      | Found a burning altar of Makhleb.
  5531 | D:5      | Entered Level 5 of the Dungeon
  5589 | D:5      | Reached XP level 7. HP: 43/54 MP: 7/7
  6036 | D:5      | Reached *** piety under Trog
  6636 | D:5      | Found Bucuoh's Food Shop.
  6684 | D:5      | Bought a royal jelly for 24 gold pieces
  6684 | D:5      | Bought a bread ration for 60 gold pieces
  6684 | D:5      | Bought a fruit for 18 gold pieces
  6886 | D:6      | Noticed a water moccasin
  6900 | D:6      | HP: 2/54 [ice beast (10)]
  6902 | D:6      | Found a staircase to the Ecumenical Temple.
  6902 | D:6      | Found a glowing silver altar of Zin.
  6902 | D:6      | Noticed Pikel
  6903 | D:6      | Splashed by Pikel's acid

Skill      XL: |  1  2  3  4  5  6  7 |
---------------+----------------------+-----
Polearms       | 1 2 3 |  3.5
Armour         | 3 4 |  4.3
Dodging        | 3 |  3.3
Fighting       | 4 |  4.2
Maces & Flails | 4 |  4.2
Throwing       | |  0.8
Stealth        | |  0.7

Action                   |  1- 3 |  4- 6 |  7- 9 || total
-------------------------+-------+-------+-------++-------
Melee: Mace              |   129 |   131 |    11 ||   271
       Spear             |       |    75 |       ||    75
       Trident           |       |    69 |   136 ||   205
Throw: Javelin           |       |     4 |     9 ||    13
       Stone             |       |     1 |       ||     1
Invok: Berserk           |     1 |     1 |       ||     2
  Use: Scroll            |     5 |     9 |     3 ||    17
       Potion            |       |     3 |     7 ||    10
 Stab: Sleeping          |     1 |       |       ||     1
  Eat: Chunk             |     4 |     8 |     5 ||    17
       Bread ration      |       |     1 |       ||     1
Armor: Animal skin       |    30 |       |       ||    30
       Ring mail         |    45 |   128 |    20 ||   193
       Chain mail        |       |       |    49 ||    49
Dodge: Dodged            |   137 |   213 |    80 ||   430
